 Dungeon Crawl Stone Soup version 0.20.1-1-g8b1a95d66d (webtiles) character file.

706 HessuHobo the Slasher (level 7, -8/66 HPs)
             Began as a Tengu Berserker on Nov 14, 2017.
             Was a Priest of Trog.
             Mangled by Pikel
             ... wielding a +2 whip of flaming
              (9 damage)
             ... on level 4 of the Dungeon.
             The game lasted 00:08:49 (3929 turns).

HessuHobo the Slasher (Tengu Berserker)             Turns: 3929, Time: 00:08:50

Health: -8/66      AC:  6    Str: 22 (24) XL:     7   Next: 67%
Magic:  8/8        EV: 12    Int:  7      God:    Trog [***...]
Gold:   168        SH:  0    Dex: 10 (14) Spells: 6/6 levels left

rFire    . . .     SeeInvis .   a - +0 falchion
rCold    . . .     Gourm    .   (no shield)
rNeg     . . .     Faith    .   g - +0 ring mail
rPois    .         Spirit   .   (helmet restricted)
rElec    .         Reflect  .   (no cloak)
rCorr    .         Harm     .   q - +0 pair of gloves
MR       .....                  (boots unavailable)
Stlth    ..........             (no amulet)
Regen    0.3/turn               (no ring)
MPRegen  0.2/turn               (no ring)

@: berserking (expiring), very quick
A: beak, talons 3, blink, deterioration 1, no potion heal 1, able to fly 1
a: Fly, Blink, Berserk, Trog's Hand, Burn Spellbooks, Renounce Religion


You were on level 4 of the Dungeon.
You worshipped Trog.
Trog was most pleased with you.
You were hungry.

You visited 1 branch of the dungeon, and saw 4 of its levels.

You collected 168 gold pieces.

Inventory:

Hand Weapons
 a - a +0 falchion (weapon)
 j - a +0 dagger of venom
 m - a +0 dagger of protection
 r - a +0 falchion
Armour
 b - a +1 animal skin
 g - a +0 ring mail (worn)
 q - a +0 pair of gloves (worn)
Jewellery
 i - an uncursed amulet of harm
Wands
 o - a wand of paralysis (11/24)
Scrolls
 c - a scroll of magic mapping {unknown}
 e - a scroll of remove curse
 f - 2 scrolls of identify
 k - a scroll of enchant armour
Potions
 d - a potion of degeneration
 l - a potion of flight {unknown}
 n - a potion of might {unknown}
Comestibles
 h - 2 royal jellies


   Skills:
 + Level 5.4 Fighting
 + Level 6.0 Long Blades
 + Level 3.2 Armour
 + Level 3.8 Dodging
 + Level 3.2 Stealth


You had 6 spell levels left.
You didn't know any spells.

Dungeon Overview and Level Annotations

Branches:
Dungeon (4/15)             Temple (0/1) D:4

Altars:
Hepliaklqana
Xom

Annotations:
D:4 Pikel


Innate Abilities, Weirdness & Mutations

You have a beak for a mouth.
You have claws for feet.
You can fly.
You can translocate small distances at will.
Your body sometimes deteriorates upon taking damage.
Potions are less effective at restoring your health.


Message History

Pikel burns you.
* * * LOW HITPOINT WARNING * * *
You closely miss the slave. Pikel barely misses you.
The slave hits you but does no damage.
You closely miss the slave. Your kick misses the slave.
Pikel hits you with a whip of flaming.
* * * LOW HITPOINT WARNING * * *
Pikel burns you.
* * * LOW HITPOINT WARNING * * *
You hit Pikel. You claw Pikel. Your peck misses Pikel.
Pikel is heavily wounded.
The slave misses you.
You riposte.
Your ring mail prevents you from hitting the slave.
You claw the slave!
The slave is heavily wounded.
Pikel hits you but does no damage.
You slash Pikel! Your kick misses Pikel. You peck Pikel.
Pikel is heavily wounded.
Pikel hits you with a whip of flaming!
You die...

..>.....'..#....#.).#
........#..'....#...#
..########+#....#####
..#.................#
..+.................#
..#.................#
###.................####
#.....#'###'###.........
#.....#..#....#.@p......
#.....#..#....#..K......
#.....#########......$..
....### ########'# ....#
. ....# ....# ....#
....#


You could see Pikel (berserk) and a slave.

Vanquished Creatures
  Sigmund (D:3)
  The ghost of mmigdal the Vandal, an amateur HaHu (D:3)
  Menkaure (D:4)
  A scorpion (D:4)
  A howler monkey (D:4)
  An orc wizard (D:3)
  An orc priest (D:3)
  Jessica (D:2)
  Terence (D:3)
  A worker ant (D:4)
  Robin (D:4)
  A gnoll (D:1)
  2 adders (D:2)
  An ooze (D:1)
  2 worms (D:3)
  4 orcs
  2 giant cockroaches
  12 goblins
  6 hobgoblins
  4 jackals
  3 ball pythons
  A ball python skeleton (D:4)
  8 bats
  5 frilled lizards
  3 kobolds (D:1)
  7 rats
72 creatures vanquished.

Notes
Turn   | Place    | Note
-------+----------+-------------------------------------------
     0 | D:1      | HessuHobo the Tengu Berserker began the quest for the Orb.
     0 | D:1      | Reached XP level 1. HP: 14/14 MP: 2/2
    48 | D:1      | Reached XP level 2. HP: 19/19 MP: 3/3
   345 | D:1      | Reached XP level 3. HP: 8/23 MP: 4/4
  1663 | D:2      | Reached skill level 4 in Long Blades
  1663 | D:2      | Reached XP level 4. HP: 29/29 MP: 5/5
  1669 | D:2      | Noticed Jessica
  1675 | D:2      | Killed Jessica
  1675 | D:2      | Reached ** piety under Trog
  1675 | D:2      | Reached skill level 1 in Stealth
  1685 | D:2      | Found a hazy altar of Hepliaklqana.
  1685 | D:2      | Found a shimmering altar of Xom.
  1685 | D:2      | Noticed a spectral ugly thing
  1685 | D:2      | Noticed a caustic shrike
  1685 | D:2      | Noticed a caustic shrike
  2159 | D:3      | Noticed Sigmund
  2190 | D:3      | HP: 2/43 [something (6)]
  2192 | D:3      | Killed Sigmund
  2192 | D:3      | Gained mutation: You can fly. [Tengu growth]
  2192 | D:3      | Reached XP level 5. HP: 3/34 MP: 6/6
  2192 | D:3      | Reached XP level 6. HP: 3/39 MP: 7/7
  2472 | D:3      | Reached skill level 5 in Long Blades
  2744 | D:3      | Noticed mmigdal's ghost (amateur HaHu)
  2756 | D:3      | Killed mmigdal's ghost
  3070 | D:3      | Reached skill level 5 in Fighting
  3267 | D:3      | Reached XP level 7. HP: 42/44 MP: 8/8
  3300 | D:3      | Noticed Terence
  3307 | D:3      | Killed Terence
  3321 | D:3      | Gained mutation: Potions are less effective at restoring your health. [potion of mutation]
  3321 | D:3      | Gained mutation: Your body sometimes deteriorates upon taking damage. [potion of mutation]
  3321 | D:3      | Gained mutation: You can translocate small distances at will. [potion of mutation]
  3465 | D:4      | Noticed Robin
  3472 | D:4      | Killed Robin
  3717 | D:4      | Found a staircase to the Ecumenical Temple.
  3722 | D:4      | Noticed Menkaure
  3728 | D:4      | Killed Menkaure
  3831 | D:4      | Reached *** piety under Trog
  3880 | D:4      | Reached skill level 6 in Long Blades
  3914 | D:4      | Noticed Pikel
  3927 | D:4      | HP: 2/66 [Pikel/whip of flaming (2)]
  3929 | D:4      | Mangled by Pikel

Skill      XL: |  1  2  3  4  5  6  7 |
---------------+----------------------+-----
Long Blades    | 4 5 6 |  6.0
Stealth        | 2 3 |  3.2
Fighting       | 4 5 |  5.4
Dodging        | 3 |  3.8
Armour         | 3 |  3.2

Action                   |  1- 3 |  4- 6 |  7- 9 || total
-------------------------+-------+-------+-------++-------
Melee: Kick              |     9 |    54 |    22 ||    85
       Falchion          |    48 |   103 |    58 ||   209
       Peck              |     7 |    30 |    12 ||    49
Invok: Berserk           |     1 |     3 |     3 ||     7
  Use: Scroll            |     5 |       |     3 ||     8
       Potion            |       |       |     4 ||     4
 Stab: Sleeping          |     2 |     1 |       ||     3
  Eat: Chunk             |     3 |     3 |       ||     6
       Meat ration       |       |     1 |       ||     1
       Bread ration      |       |       |     1 ||     1
Armor: Animal skin       |     9 |     2 |       ||    11
       Ring mail         |       |     5 |    16 ||    21
Dodge: Dodged            |    37 |    17 |    28 ||    82
       Rpst.: Falchion   |    12 |     6 |     9 ||    27
